 Dungeon Crawl Stone Soup version 0.17.0-28-g6e173f8 (webtiles) character file.

4206 4thArraOfDagon the Cleaver (level 10, -14/91 HPs)
             Began as a Minotaur Berserker on Nov 22, 2015.
             Was a Priest of Trog.
             Demolished by a red ugly thing (16 damage)
             ... on level 12 of the Dungeon.
             The game lasted 00:10:12 (1653 turns).

4thArraOfDagon the Cleaver (Minotaur Berserker)     Turns: 1653, Time: 00:10:13

Health: -14/91     AC: 14    Str: 22    XL:     10   Next: 8%
Magic:  9/9        EV:  7    Int:  7    God:    Trog [***...]
Gold:   123        SH:  0    Dex: 10    Spells: 0 memorised, 9 levels left

rFire  . . .     SeeInvis .     w - +1 hand axe (elec)
rCold  . . .     Clarity  +     x - +0 plate armour
rNeg   . . .     SustAt   .     (no shield)
rPois  .         Gourm    .     (helmet restricted)
rElec  .         Spirit   .     (no cloak)
rCorr  .         Warding  .     (no gloves)
rMut   .         Stasis   .     (no boots)
MR     ++...                    j - amulet of clarity
Stlth  ..........               (no ring)
                                (no ring)

@: lethally poisoned (-14 -> -14), flying, regenerating, slowed, drained, very
slow, very resistant to hostile enchantments, extremely unstealthy
A: retaliatory headbutt, horns 2, regeneration 1, screaming 1, shaggy fur 1
a: Berserk, Trog's Hand, Burn Spellbooks, Renounce Religion


You were on level 12 of the Dungeon.
You worshipped Trog.
Trog was most pleased with you.
You were very hungry.

You visited 1 branch of the dungeon, and saw 11 of its levels.
You also visited: Sewer.

You collected 123 gold pieces.

Inventory:

Hand Weapons
 m - a +0 war axe
 o - a +0 blowgun
 u - a +2 scimitar of flaming
 w - a +1 hand axe of electrocution (weapon)
Missiles
 b - 8 javelins (quivered)
Armour
 l - the +5 robe of Dithmenos's Regard {+Inv Int+2 Dex+4, unknown}
   (You found it in a sewer)

   It affects your intelligence (+2).
   It affects your dexterity (+4).
   It lets you turn invisible.
 r - the +1 leather armour of Hedge Wizardry {+Fly rC+ Dex+6 Stlth+, unknown}
   (You found it on level 5 of the Dungeon)

   It affects your dexterity (+6).
   It protects you from cold.
   It lets you fly.
   It makes you more stealthy.
 x - a +0 plate armour (worn)
Jewellery
 j - an amulet of clarity (around neck)
Wands
 q - a wand of fireball (7)
Scrolls
 a - a scroll of random uselessness {unknown}
 e - a scroll of amnesia {unknown}
 h - a scroll of immolation {unknown}
 p - 2 scrolls of identify {unknown}
 v - a scroll of noise {unknown}
 y - a scroll of silence {unknown}
Potions
 d - 4 potions of heal wounds
 f - 2 potions of might {unknown}
 g - 6 potions of curing {unknown}
 n - a potion of agility {unknown}
 s - 2 potions of flight
 A - a potion of cancellation {unknown}
Books
 t - a book of Flames

   Spells                             Type                      Level
   a - Flame Tongue                   Conjuration/Fire             1
   b - Throw Flame                    Conjuration/Fire             2
   c - Conjure Flame                  Conjuration/Fire             3
   d - Inner Flame                    Hexes/Fire                   3
   e - Sticky Flame                   Conjuration/Fire             4
   f - Fireball                       Conjuration/Fire             5
   Trog disapproves of the use of such an item.
Comestibles
 c - 3 bread rations
 i - 9 royal jellies
 z - 6 fruits


   Skills:
 + Level 9.3(8.4) Fighting
 * Level 12.6(11.6) Axes
 + Level 9.1(8.1) Armour
 - Level 2.1(1.4) Dodging


You had 9 spell levels left.
You didn't know any spells.

Dungeon Overview and Level Annotations

Branches:
Dungeon (12/15)              Lair (0/8) D:11
 Temple: D:4-7          Orc: D:9-12

Altars:
Cheibriados
Elyvilon
Ru

Annotations:
D:11 exclusion: oklob plant


Innate Abilities, Weirdness & Mutations

You reflexively headbutt those who attack you in melee.
You have a pair of horns on your head.
Your natural rate of healing is unusually fast.
You occasionally shout uncontrollably at your foes.
You are covered in fur (AC +1).


Message History

You furiously retaliate!
You headbutt the orc warrior! The wasp stings you.
* * * LOW HITPOINT WARNING * * *
You feel as though you will be slow longer.
Unknown command.
Drink which item? (? for menu, Esc to quit)
You feel much better.
You feel sick. The wasp stings you but does no damage.
The orc priest hits you but does no damage.
The deep elf mage hits you with a long sword of draining.
You feel drained. The red ugly thing punches you.
You are engulfed in flames!
* * * LOW HITPOINT WARNING * * *
The orc warrior hits you but does no damage.
The wasp stings you.
* * * LOW HITPOINT WARNING * * *
You are more poisoned.
You feel as though you will be slow longer.
The orc priest hits you but does no damage.
The red ugly thing punches you!
* * * LOW HITPOINT WARNING * * *
You are engulfed in flames!
You die...

#...).#
#.††..#
#)....#
#.$...#
#$....#
#.....#
#.....#
#...eo#
#...@u#
#..oy.#
#######


You could see a red ugly thing, an orc warrior, a deep elf mage, a wasp and an
orc priest.

Vanquished Creatures
  Erica (D:8)
  An ugly thing (D:11)
  A cyclops (D:12)
  Sigmund (D:5)
  3 vampire mosquitoes (D:12)
  Eustachio (D:4)
  A hungry ghost (D:8)
  A hippogriff (D:8)
  2 soldier ants (D:9)
  2 orc warriors
  2 phantoms (D:8)
  A spider (D:9)
  2 centaurs (D:8)
  3 big kobolds (Sewer)
  A scorpion (D:4)
  The ghost of ConnectionFaild the Skirmisher, a weakling DsAK of Lugonu (Sewer)
  2 hounds (D:8)
  A centaur zombie (D:5)
  An iguana (D:5)
  A giant frog skeleton (D:8)
  5 orc priests
  A worker ant (D:5)
  Natasha (D:3)
  3 orc wizards
  3 sheep (D:12)
  3 gnolls (D:3)
  4 adders
  An ooze (Sewer)
  2 adder skeletons
  2 worms
  24 orcs
  3 ball pythons (Sewer)
  9 bats
  4 giant cockroaches
  3 goblins (D:3)
  A hobgoblin (D:1)
  2 jackals
  13 kobolds
  3 giant geckos
  A giant newt (D:1)
  A jackal skeleton (D:8)
  A rat (D:1)
119 creatures vanquished.

Notes
Turn   | Place    | Note
--------------------------------------------------------------
     0 | D:1      | 4thArraOfDagon the Minotaur Berserker began the quest for the Orb.
     0 | D:1      | Reached XP level 1. HP: 19/19 MP: 0/0
   103 | D:3      | Noticed an orc wizard
   106 | D:3      | Reached skill level 4 in Axes
   109 | D:3      | Killed an orc wizard
   109 | D:3      | Reached XP level 2. HP: 26/27 MP: 1/1
   109 | D:3      | Reached XP level 3. HP: 31/33 MP: 2/2
   226 | D:3      | Reached ** piety under Trog
   235 | D:3      | Reached XP level 4. HP: 33/40 MP: 3/3
   236 | D:3      | Reached skill level 5 in Axes
   298 | D:4      | Found a sacrificial altar of Ru.
   339 | D:3      | Noticed Natasha
   344 | D:3      | Killed Natasha
   360 | D:4      | Noticed Eustachio
   364 | D:4      | Found a glowing drain.
   392 | D:4      | Reached XP level 5. HP: 41/47 MP: 4/4
   402 | Sewer    | Entered a sewer
   500 | Sewer    | Reached skill level 5 in Fighting
   504 | Sewer    | Reached skill level 6 in Axes
   517 | Sewer    | Got a faintly humming robe
   562 | Sewer    | Noticed ConnectionFaild's ghost (weakling DsAK)
   569 | Sewer    | Killed ConnectionFaild's ghost
   569 | Sewer    | Reached XP level 6. HP: 56/56 MP: 5/5
   661 | D:4      | Killed Eustachio
   661 | D:4      | Reached skill level 7 in Axes
   661 | D:4      | Reached skill level 5 in Armour
   661 | D:4      | Reached XP level 7. HP: 18/62 MP: 6/6
   676 | D:4      | Noticed an ogre
   706 | D:5      | Entered Level 5 of the Dungeon
   712 | D:5      | Noticed Sigmund
   723 | D:5      | Killed Sigmund
   723 | D:5      | Reached skill level 8 in Axes
   763 | D:5      | Got an ancient leather armour
   794 | D:5      | HP: 2/64 [iguana (4)]
   846 | D:5      | You fall through a shaft for 3 floors!
   854 | D:8      | Noticed Erica
   864 | D:8      | Killed Erica
   864 | D:8      | Reached skill level 9 in Axes
   864 | D:8      | Reached XP level 8. HP: 68/73 MP: 7/7
   864 | D:8      | Reached skill level 10 in Axes
   913 | D:8      | Found a snail-covered altar of Cheibriados.
  1006 | D:8      | Found a white marble altar of Elyvilon.
  1067 | D:8      | Reached XP level 9. HP: 81/81 MP: 8/8
  1243 | D:8      | Reached skill level 11 in Axes
  1244 | D:8      | Reached *** piety under Trog
  1452 | D:10     | Entered Level 10 of the Dungeon
  1525 | D:11     | Noticed a white ugly thing
  1530 | D:11     | Found a staircase to the Lair.
  1530 | D:11     | Noticed an oklob plant
  1538 | D:11     | Killed a white ugly thing
  1544 | D:11     | Gained mutation: Your natural rate of healing is unusually fast. [mutagenic meat]
  1545 | D:11     | Gained mutation: You occasionally shout uncontrollably at your foes. [mutagenic meat]
  1557 | D:11     | Gained mutation: You are covered in fur (AC +1). [mutagenic meat]
  1598 | D:11     | Noticed a six-headed hydra
  1602 | D:12     | Noticed a cyclops
  1608 | D:12     | Killed a cyclops
  1608 | D:12     | Reached skill level 12 in Axes
  1626 | D:12     | Reached XP level 10. HP: 83/91 MP: 9/9
  1631 | D:12     | Noticed a red ugly thing
  1653 | D:12     | HP: 2/91 [red ugly thing (9)]
  1653 | D:12     | Demolished by a red ugly thing

Action                   |  1- 3 |  4- 6 |  7- 9 | 10-12 || total
-------------------------+-------+-------+-------+-------++-------
Melee: Hand axe          |    33 |    79 |    95 |     8 ||   215
       War axe           |       |       |    59 |       ||    59
Invok: Berserk           |     3 |     4 |     8 |       ||    15
       Trog's Hand       |       |     3 |     9 |     2 ||    14
  Use: Scroll            |       |     1 |       |     1 ||     2
       Potion            |       |       |     1 |     8 ||     9
  Eat: Chunk             |       |     2 |    16 |       ||    18
       Meat ration       |       |     1 |       |       ||     1
